 Dungeon Crawl Stone Soup version 0.19-a0-1019-g9c6a58d (webtiles) character file.

158 tsouns the Firebug (level 5, -1/35 HPs)
             Began as a Mummy Fire Elementalist on July 25, 2016.
             Was an Initiate of Vehumet.
             Slain by an orc priest (4 damage)
             ... on level 4 of the Dungeon.
             The game lasted 00:13:01 (4113 turns).

tsouns the Firebug (Mummy Fire Elementalist)        Turns: 4113, Time: 00:13:02

Health: -1/35      AC:  4    Str: 11    XL:     5   Next: 16%
Magic:  0/8        EV: 12    Int: 15    God:    Vehumet [......]
Gold:   177        SH:  0    Dex: 13    Spells: 4 memorised, 2 levels left

rFire  x . .     SeeInvis .     g - +0 hand axe
rCold  + . .     Gourm    .     a - +0 robe
rNeg   + + +     Faith    .     (no shield)
rPois  ∞         Spirit   .     (no helmet)
rElec  .         Dismiss  .     f - +0 cloak
rCorr  .         Reflect  .     (no gloves)
SustAt .         Harm     .     k - +0 pair of boots
MR     .....                    (no amulet)
Stlth  ++........               (no ring)
                                (no ring)

@: not resistant to hostile enchantments, unstealthy
A: no food or potions, fire vulnerability, cold resistance 1, negative energy
resistance 3, torment resistance, unbreathing
a: Renounce Religion


You were on level 4 of the Dungeon.
You worshipped Vehumet.
Vehumet was noncommittal.
You were not hungry.

You visited 1 branch of the dungeon, and saw 4 of its levels.

You collected 177 gold pieces.

Inventory:

Hand Weapons
 g - a +0 hand axe (weapon)
 h - a +0 hunting sling
Missiles
 c - 109 stones (quivered)
 e - 33 poisoned needles
Armour
 a - a +0 robe (worn)
 f - a +0 cloak (worn)
 k - a +0 pair of boots (worn)
Scrolls
 d - a scroll of noise
 i - 2 scrolls of amnesia
 j - a scroll of teleportation
 l - a scroll of fear {unknown}
 m - a scroll of random uselessness {unknown}
 n - a scroll of fog
Books
 b - a book of Flames

   Spells                             Type                      Level
   a - Flame Tongue                   Conjuration/Fire             1
   b - Throw Flame                    Conjuration/Fire             2
   c - Conjure Flame                  Conjuration/Fire             3
   d - Inner Flame                    Hexes/Fire                   3
   e - Sticky Flame                   Conjuration/Fire             4
   f - Fireball                       Conjuration/Fire             5


   Skills:
 - Level 1.5 Dodging
 - Level 1.5 Stealth
 + Level 2.6 Spellcasting
 * Level 2.7 Conjurations
 * Level 3.6 Fire Magic


You had 2 spell levels left.
You knew the following spells:

 Your Spells              Type           Power        Failure   Level  Hunger
a - Flame Tongue          Conj/Fire      ##...        8%          1    N/A
b - Throw Flame           Conj/Fire      ##....       12%         2    N/A
c - Conjure Flame         Conj/Fire      ##......     21%         3    N/A
d - Magic Dart            Conj           ##..         10%         1    N/A

Dungeon Overview and Level Annotations

Branches:
Dungeon (4/15)
 Temple: D:4-7

Altars:
Nemelex Xobeh
Ru
Vehumet
Zin


Innate Abilities, Weirdness & Mutations

You do not eat or drink.
Your flesh is vulnerable to fire.
You are immune to poison.
Your flesh is cold resistant. (rC+)
You are immune to negative energy. (rN+++)
You are immune to unholy pain and torment.
You can survive without breathing.


Message History

The orc priest is almost dead.
You barely miss the orc. You hit the orc. The orc hits you but does no damage.
The orc hits you with a falchion. The orc priest completely misses you.
You closely miss the orc priest.
The orc priest is severely wounded.
You hit the orc but do no damage. You hit the orc.
The orc hits you with a dagger.
* * * LOW HITPOINT WARNING * * *
The orc hits you with a falchion.
* * * LOW HITPOINT WARNING * * *
The orc priest barely misses you.
You barely miss the orc priest.
The orc priest is severely wounded.
You barely miss the orc. You hit the orc. The orc hits you but does no damage.
The orc priest hits you.
* * * LOW HITPOINT WARNING * * *
The orc hits you with a falchion.
* * * LOW HITPOINT WARNING * * *
The orc misses you. The orc priest hits you.
You die...

# #o####
#..).# ####.#
##.####.#
#(......#
#oo######
#@o# #
#######..# #
[........# #
######.## #
#......# #
#.##.###### #
#.##.# #
#.##.#
########.##.#


You could see an orc priest and 2 orcs.

Vanquished Creatures
  An orc wizard (D:4)
  A worker ant (D:4)
  3 adders
  An ooze (D:3)
  3 worms
  3 giant geckos
  3 orcs
  3 giant cockroaches
  7 hobgoblins
  6 jackals
  A quokka (D:2)
  4 ball pythons
  4 bats
  4 giant newts
  6 goblins
  9 kobolds
  6 rats
65 creatures vanquished.

Notes
Turn   | Place    | Note
-------+----------+-------------------------------------------
     0 | D:1      | tsouns the Mummy Fire Elementalist began the quest for the Orb.
     0 | D:1      | Reached XP level 1. HP: 13/13 MP: 3/3
   146 | D:1      | Reached skill level 1 in Conjurations
   345 | D:1      | Reached XP level 2. HP: 19/19 MP: 0/5
   368 | D:1      | Learned a level 2 spell: Throw Flame
  1809 | D:2      | Found a radiant altar of Vehumet.
  1816 | D:2      | Became a worshipper of Vehumet
  1976 | D:2      | Reached XP level 3. HP: 24/24 MP: 3/6
  2065 | D:2      | Found a glowing silver altar of Zin.
  2089 | D:2      | Reached skill level 3 in Fire Magic
  2488 | D:2      | Found a sacrificial altar of Ru.
  3048 | D:3      | Reached XP level 4. HP: 30/30 MP: 7/7
  3084 | D:3      | Found a faded altar of an unknown god.
  3178 | D:3      | Learned a level 3 spell: Conjure Flame
  3221 | D:3      | Reached * piety under Vehumet
  3221 | D:3      | Offered knowledge of Magic Dart by Vehumet.
  3224 | D:3      | Learned a level 1 spell: Magic Dart
  3629 | D:3      | Found a sparkling altar of Nemelex Xobeh.
  4089 | D:4      | Reached XP level 5. HP: 32/35 MP: 1/8
  4113 | D:4      | Slain by an orc priest

Vault maps used:
D:1:      dpeg_arrival_rhombi
D:2:      old_standard_altar, amethyst_overflow_temple_binary, first_bread
D:3:      ecumenical_altar_1, corexii_item_surrounded_by_moat,
          nemelex_dance_club_becter
D:4:      overflow_temple_1_default, uniq_crazy_yiuf_cottage, uniq_edmund,
          uniq_eustachio

Skill      XL: |  1  2  3 |
---------------+----------+-----
Conjurations   | 1 2 |  2.7
Fire Magic     | 3 |  3.6
Dodging        | |  1.5
Stealth        | |  1.5
Spellcasting   | |  2.6

Action                   |  1- 3 |  4- 6 || total
-------------------------+-------+-------++-------
Melee: Unarmed           |     5 |       ||     5
       Hand axe          |    54 |    34 ||    88
Throw: Stone             |    40 |     3 ||    43
 Cast: Flame Tongue      |    68 |    48 ||   116
       Magic Dart        |       |     4 ||     4
       Conjure Flame     |       |     1 ||     1
  Use: Scroll            |     2 |     4 ||     6
 Stab: Distracted        |     1 |       ||     1
       Sleeping          |     1 |       ||     1
Armor: Robe              |    29 |    16 ||    45
Dodge: Dodged            |    84 |    41 ||   125
